 Dungeon Crawl Stone Soup version 0.27.1-33-g824d729ab1 (webtiles) character file.

Game seed: 16795909505272724776

39 Karpo the Digger (level 3, -2/19 HPs)
             Began as a Gargoyle Earth Elementalist on Dec 28, 2021.
             Slain by an adder (4 damage)
             ... on level 1 of the Dungeon.
             The game lasted 00:04:56 (1809 turns).

Karpo the Digger (Gargoyle Earth Elementalist)      Turns: 1809, Time: 00:04:58

Health: -2/19      AC:  5    Str: 11    XL:     3   Next: 45%
Magic:  6/7        EV: 11    Int: 16    God:
Gold:   73         SH:  0    Dex: 10    Spells: 3/7 levels left

rFire    . . .     SeeInvis .   a - +0 war axe
rCold    . . .     Faith    .   (no shield)
rNeg     + . .     Spirit   .   b - +0 robe
rPois    ∞         Reflect  .   (no helmet)
rElec    +         Harm     .   (no cloak)
rCorr    .         Rampage  .   (no gloves)
Will     .....                  (no boots)
Stlth    ++........             (no amulet)
HPRegen  0.06/turn              (no ring)
MPRegen  0.10/turn              (no ring)

@: no status effects
A: sickness immunity, AC +3, negative energy resistance 1, electricity
resistance, torment resistance 1, petrification resistance
a: no special abilities


You were on level 1 of the Dungeon.
You visited 1 branch of the dungeon, and saw 3 of its levels.

You collected 73 gold pieces.

Inventory:

Hand Weapons
 a - a +0 war axe (weapon)
 e - a +0 long sword
 i - a +0 spear
Missiles
 c - 28 stones
 f - 14 poisoned darts
Armour
 b - a +0 robe (worn)
Jewellery
 l - a +4 ring of slaying
Scrolls
 d - a scroll of enchant weapon {unknown}
 g - a scroll of magic mapping {unknown}
 h - a scroll of vulnerability {unknown}
 j - 3 scrolls of identify {unknown}
 k - a scroll of noise {unknown}


   Skills:
 - Level 1.5 Dodging
 - Level 2.1 Stealth
 + Level 2.8 Spellcasting
 + Level 0.2 Conjurations
 - Level 0.7 Transmutations
 + Level 4.5 Earth Magic


You had 3 spell levels left.
You knew the following spells:

 Your Spells              Type           Power      Damage    Failure   Level
a - Sandblast             Erth           32%        2d9       3%          1
b - Stone Arrow           Conj/Erth      18%        3d8       22%         3

Your spell library contained the following spells:

 Spells                   Type           Power      Damage    Failure   Level
 Passwall                 Tmut/Erth      8%         N/A       10%         2
 Beastly Appendage        Tmut           8%         N/A       14%         1
 Wereblood                Tmut           4%         N/A       22%         2
 Spider Form              Tmut/Pois      1%         N/A       45%         3
 Tukima's Dance           Hex            2%         N/A       50%         3
 Petrify                  Tmut/Erth      10%        N/A       54%         4
 Passage of Golubria      Tloc           N/A        N/A       88%         4
 Yara's Violent Unravell  Hex/Tmut       1%         3d3       99%         5


Dungeon Overview and Level Annotations

Branches:
Dungeon (3/15)

Altars:

Shops:
D:1 [


Innate Abilities, Weirdness & Mutations

You are immune to sickness and miasma.
Your stone body is resilient. (AC +3)
You are immune to poison.
You resist negative energy. (rN+)
You are resistant to electric shocks. (rElec)
You are resistant to unholy torment.
You are immune to petrification.


Message History

The giant cockroach bites you but does no damage. x2
You slash the giant cockroach!
You kill the giant cockroach!
No target in view!
You see here a giant cockroach corpse.
You now have 73 gold pieces (gained 6).
l - a +4 ring of slaying An adder comes into view.
A bat and 3 gnolls come into view.
The gnoll shouts! x2; The adder hisses angrily.
A gnoll comes into view. It is wielding a +0 flail.
The adder bites you but does no damage. The adder barely misses you.
You miss the adder. The adder misses you.
The gnoll hits you from afar with a +0 spear.
The adder misses you. The gnoll hits you with a +0 spear.
The gnoll hits you from afar with a +0 spear!
The adder bites you but does no damage. The adder closely misses you.
The adder bites you but does no damage. The adder closely misses you.
The adder bites you but does no damage. The adder bites you but does no damage.
The adder bites you but does no damage.
There is a stone staircase leading up here.
The adder bites you.
* * * LOW HITPOINT WARNING * * *
You climb upwards.
There is a stone staircase leading down here.
You barely miss the adder. The adder barely misses you. The adder bites you.
* * * LOW HITPOINT WARNING * * *
Casting: Sandblast (safe; 3% risk of failure)
Confirm with . or Enter, or press ? or * to list all spells.
Aiming: Sandblast (safe; 3% risk of failure)
Press: ? - help, Shift-Dir - straight line, f - adder
Aim: an adder (66% to hit)
The blast of sand hits the adder.
The adder is heavily wounded.
The adder bites you.
You die...

##############
####............##
#@S'............+.
#.##............##
#..'..............
####............##
#............#
#............##
#..............
#......^.......
########..............


You could see an adder.

Vanquished Creatures
  2 dart slugs (D:1)
  6 endoplasms (D:1)
  2 giant cockroaches (D:2)
  4 goblins
  2 hobgoblins
  3 kobolds
  A quokka (D:2)
  4 bats
  3 frilled lizards
  5 rats
32 creatures vanquished.

Notes
Turn   | Place    | Note
-------+----------+-------------------------------------------
     0 | D:1      | Karpo the Gargoyle Earth Elementalist began the quest for
                  | the Orb.
     0 | D:1      | Reached XP level 1. HP: 10/10 MP: 3/3
   275 | D:1      | Reached skill level 4 in Earth Magic
   275 | D:1      | Reached XP level 2. HP: 15/15 MP: 3/5
   656 | D:1      | Found Gixkuotu's Antique Armour Shoppe.
   886 | D:1      | Reached XP level 3. HP: 16/19 MP: 6/6
  1434 | D:2      | Learned a level 3 spell: Stone Arrow
  1809 | D:1      | Slain by an adder

Illustrated notes

Levels and vault maps discovered:
D:1:      shiori_arrival_elements, layout_basic, serial_shops,
          nicolae_shop_trees, minmay_misc_feat_cross
D:2:      layout_loops_ring
D:3:      layout_basic, ebering_ghost_disaster_area

Skill      XL: |  1 |
---------------+----+-----
Earth Magic    | 4 |  4.5
Dodging        | |  1.5
Stealth        | |  2.1
Spellcasting   | |  2.8
Conjurations   | |  0.2
Transmutations | |  0.7

Action                   || total
-------------------------++-------
Melee: War axe           ||    89
 Cast: Sandblast         ||     4
 Stab: Sleeping          ||     5
Armor: Robe              ||    43
Dodge: Dodged            ||    72
